 Dungeon Crawl Stone Soup version 0.25-a0-98-g0cf78c2f83 (webtiles) character file.

Game seed: 9462643058868408068, levelgen mode: deterministic

3292 Eurus the Digger (level 10, -11/60 HPs)
             Began as a Gargoyle Earth Elementalist on Nov 13, 2019.
             Was a Believer of Vehumet.
             Mangled by a komodo dragon (14 damage)
             ... on level 10 of the Dungeon.
             The game lasted 00:33:25 (8775 turns).

Eurus the Digger (Gargoyle Earth Elementalist)      Turns: 8775, Time: 00:33:25

Health: -11/60     AC: 15    Str: 12    XL:     10   Next: 1%
Magic:  18/18      EV: 11    Int: 19    God:    Vehumet [**....]
Gold:   408        SH:  0    Dex: 10    Spells: 16/20 levels left

rFire    . . .     SeeInvis .   y - +3 morningstar (freeze)
rCold    . . .     Gourm    .   (no shield)
rNeg     + . .     Faith    .   k - +1 leather armour
rPois    ∞         Spirit   .   (no helmet)
rElec    +         Reflect  .   v - scarf {repulsion}
rCorr    .         Harm     .   (no gloves)
MR       .....                  r - +2 pair of boots
Stlth    ++........             n - amulet of magic regeneration
HPRegen  0.20/turn              (no ring)
MPRegen  0.41/turn              (no ring)

@: repel missiles
A: negative energy resistance 1, electricity resistance, unbreathing,
petrification resistance, rot immunity, AC +7
a: Renounce Religion


You were on level 10 of the Dungeon.
You worshipped Vehumet.
Vehumet was pleased with you.
You were hungry.

You visited 2 branches of the dungeon, and saw 10 of its levels.

You collected 408 gold pieces.

Inventory:

Hand Weapons
 t - a +2 flail of electrocution
 y - a +3 morningstar of freezing (weapon)
Missiles
 b - 85 stones (quivered)
Armour
 k - a +1 leather armour (worn)
 r - a +2 pair of boots (worn)
 v - a scarf of repulsion (worn)
Jewellery
 i - an uncursed ring of fire
 n - an amulet of magic regeneration (around neck)
 x - an uncursed ring of ice {unknown}
Scrolls
 c - a scroll of teleportation
 e - 4 scrolls of enchant weapon
 g - 3 scrolls of enchant armour
 j - 3 scrolls of identify
 p - a scroll of magic mapping
Potions
 f - a potion of cancellation {unknown}
 h - 2 potions of curing
 l - a potion of berserk rage {unknown}
 m - a potion of heal wounds {unknown}
 o - a potion of flight {unknown}
 w - a potion of degeneration {unknown}
Comestibles
 d - 19 rations


   Skills:
 + Level 6.1 Fighting
 + Level 5.5 Maces & Flails
 + Level 5.7 Armour
 - Level 1.5 Dodging
 - Level 2.1 Stealth
 + Level 5.5 Spellcasting
 * Level 5.6 Conjurations
   Level 0.7 Transmutations
 + Level 7.8 Earth Magic


You had 16 spell levels left.
You knew the following spells:

 Your Spells              Type           Power        Failure   Level  Hunger
a - Sandblast             Erth           #####.       1%          1    None
b - Stone Arrow           Conj/Erth      ####..       2%          3    ##.....

Your spell library contained the following spells:

 Spells                   Type           Power        Failure   Level  Hunger
 Throw Frost              Conj/Ice       ###...       7%          2    None
 Passwall                 Tmut/Erth      ###.....     3%          2    None
 Lee's Rapid Deconstruct  Erth           #####.....   16%         5    #####..
 Petrify                  Tmut/Erth      ###.....     26%         4    ####...


Dungeon Overview and Level Annotations

Branches:
Dungeon (8/15)             Temple (1/1) D:6
   Lair: D:8-11

Altars:
Dithmenos
Fedhas
Kikubaaqudgha
Makhleb
Okawaru
Sif Muna
Vehumet
Xom
Zin

Shops:
D:10 *

Annotations:
D:5 Sigmund


Innate Abilities, Weirdness & Mutations

You are resistant to torment.
Your stone body is resilient. (AC +7)
You are immune to poison.
You resist negative energy. (rN+)
You are resistant to electric shocks. (rElec)
You can survive without breathing.
You are immune to petrification.
You are immune to rotting.


Message History

The worker ant twitches its antennae in your direction.
The iguana hisses menacingly.
An orc comes into view. It is wielding a +0 short sword.
The orc shouts!
You hear a shout!
The adder barely misses you.
The worker ant waves its antennae.
The iguana hisses menacingly.
The komodo dragon hisses angrily.
The adder bites you but does no damage. The komodo dragon bites you!!
* * * LOW HITPOINT WARNING * * *
The adder bites you but does no damage. The hound bites you but does no damage.
The adder closely misses you.
The komodo dragon completely misses you.
The hound bites you.
* * * LOW HITPOINT WARNING * * *
The worker ant closely misses you.
The iguana hisses menacingly.
The hound bites you but does no damage. The komodo dragon bites you!
You die...

........... ... .. ............
.. ... ............ .. ....
............ #.## #.....
............ ##..##......
............##...#.......
............##....>..........
............#...@...........#
..##...........lha..........##
.>#.Y...........l............####
#.##..#....##...SY...........##.#
..##..##...##.................yyy
..##..#.........o................
...#....##.......................
.........##........#.).#.........
.###.....##.......##...#...l.....


You could see a komodo dragon, an ice beast, an iguana, a hound, a worker ant,
an adder and an orc.

Vanquished Creatures
  Joseph (D:7)
  A centaur skeleton (D:10)
  Grinder (D:6)
  Menkaure (D:6)
  Edmund (D:5)
  A water moccasin (D:10)
  An ice beast (D:5)
  2 sky beasts
  2 ogres
  2 phantoms (D:4)
  3 bullfrogs
  3 wights
  4 crimson imps
  A centaur zombie (D:7)
  3 hounds
  5 orc priests
  7 orc wizards
  3 bullfrog skeletons
  4 iguanas
  5 worker ants
  A statue (D:5)
  A hound zombie (D:7)
  2 worker ant zombies
  6 gnolls
  A howler monkey skeleton (D:5)
  7 adders
  2 shadow imps (D:7)
  2 oozes
  An adder zombie (D:5)
  2 dart slugs
  3 leopard geckos
  31 orcs
  2 bats
  7 giant cockroaches
  7 goblins
  4 hobgoblins
  7 jackals
  4 kobolds
  3 quokkas
  2 ball pythons (D:2)
  6 frilled lizards
  6 rats
158 creatures vanquished.

Notes
Turn   | Place    | Note
-------+----------+-------------------------------------------
     0 | D:1      | Eurus the Gargoyle Earth Elementalist began the quest for
                  | the Orb.
     0 | D:1      | Reached XP level 1. HP: 10/10 MP: 3/3
   221 | D:1      | Reached XP level 2. HP: 16/16 MP: 3/5
   795 | D:2      | Reached skill level 1 in Fighting
   795 | D:2      | Reached skill level 4 in Earth Magic
   823 | D:2      | Reached skill level 1 in Maces & Flails
   823 | D:2      | Reached XP level 3. HP: 20/20 MP: 3/6
   873 | D:2      | Found a shimmering altar of Xom.
   874 | D:2      | Found a shimmering altar of Xom.
   874 | D:2      | Found a shimmering altar of Xom.
   876 | D:2      | Found a shimmering altar of Xom.
   876 | D:2      | Found a shimmering altar of Xom.
  1693 | D:3      | Found a shadowy altar of Dithmenos.
  1733 | D:3      | Found a burning altar of Makhleb.
  1735 | D:3      | Noticed a balrug
  1738 | D:3      | Found a glowing silver altar of Zin.
  1738 | D:3      | Noticed an angel
  1776 | D:3      | Reached XP level 4. HP: 20/26 MP: 3/7
  1817 | D:3      | Learned a level 3 spell: Stone Arrow
  2686 | D:3      | Reached skill level 1 in Armour
  2686 | D:3      | Reached XP level 5. HP: 30/30 MP: 6/9
  2756 | D:3      | Found a faded altar of an unknown god.
  3194 | D:3      | Found an ancient bone altar of Kikubaaqudgha.
  3207 | D:3      | Reached XP level 6. HP: 33/36 MP: 7/10
  3531 | D:4      | Reached skill level 5 in Earth Magic
  3630 | D:4      | Noticed a phantom
  3844 | D:4      | Noticed a phantom
  4283 | D:5      | Entered Level 5 of the Dungeon
  4285 | D:5      | Noticed a sky beast
  4293 | D:4      | Reached XP level 7. HP: 27/41 MP: 7/12
  5072 | D:5      | Noticed Sigmund
  5286 | D:5      | Reached skill level 6 in Earth Magic
  5294 | D:5      | Found a radiant altar of Vehumet.
  5350 | D:5      | Reached XP level 8. HP: 42/48 MP: 14/14
  5352 | D:5      | Became a worshipper of Vehumet
  5399 | D:5      | Noticed Edmund
  5472 | D:5      | Killed Edmund
  5702 | D:6      | Reached skill level 1 in Conjurations
  5730 | D:6      | Found a staircase to the Ecumenical Temple.
  5739 | Temple   | Entered the Ecumenical Temple
  5875 | D:6      | Noticed Menkaure
  5883 | D:6      | Killed Menkaure
  6045 | D:6      | Reached * piety under Vehumet
  6045 | D:6      | Offered knowledge of Freeze by Vehumet.
  6049 | D:6      | Reached skill level 5 in Fighting
  6128 | D:6      | Noticed Grinder
  6261 | D:6      | Reached XP level 9. HP: 54/54 MP: 16/16
  6419 | D:6      | Reached skill level 7 in Earth Magic
  7052 | D:7      | Reached ** piety under Vehumet
  7052 | D:7      | Offered knowledge of Throw Frost by Vehumet.
  7052 | D:7      | Reached skill level 5 in Armour
  7052 | D:7      | Reached skill level 5 in Spellcasting
  7360 | D:7      | Noticed Joseph
  7832 | D:7      | Found a blossoming altar of Fedhas.
  7847 | D:7      | Reached skill level 5 in Maces & Flails
  8001 | D:7      | Killed Joseph
  8442 | D:6      | Paralysed by Grinder for 3 turns
  8450 | D:6      | Killed Grinder
  8525 | D:8      | Reached skill level 5 in Conjurations
  8543 | D:8      | Found a shimmering blue altar of Sif Muna.
  8615 | D:8      | You fall into a shaft and drop 2 floors!
  8615 | D:10     | Entered Level 10 of the Dungeon
  8696 | D:10     | Noticed a komodo dragon
  8732 | D:10     | Reached XP level 10. HP: 15/60 MP: 18/18
  8746 | D:10     | Found Qolu Huch's General Store.
  8773 | D:10     | HP: 3/60 [hound (2)]
  8775 | D:10     | Mangled by a komodo dragon

Levels and vault maps discovered:
D:1:      mrwooster_arrival_statue_3, layout_loops_ring, minivault_27,
          nrook_campfire
D:2:      layout_basic, chequers_serial_rivers_micro_c, dk_noncrumbling_4,
          xom_redecorated
D:3:      layout_loops_cross, grunt_temple_overflow_order_and_chaos_2,
          nicolae_overflow_crystal_walls, grunt_dithmenos_smoke_and_mirrors,
          chequers_ecumenical_altar_simple
D:4:      layout_basic, first_ration, serial_glass, glass_columns_c,
          glass_columns_a, feat_on_display, feat_on_display,
          minmay_curled_crystal
D:5:      layout_rooms, vehumet_statue, uniq_sigmund, uniq_edmund
D:6:      layout_loops_corners, minmay_temple_entry_gardened_gates,
          uniq_grinder, uniq_menkaure
D:7:      layout_cave_pods, fedhas_altar_2, uniq_joseph
D:8:      minmay_quarter_circles, layout_basic, overflow_temple_1_default,
          lemuel_coloured_pillars_altar, uniq_prince_ribbit1
D:10:     layout_cave_pools, serial_shops, kennysheep_mini_moat, shop_fountains,
          nicolae_shop_behind_doors, shop, nicolae_shop_overgrown_old_shop,
          minmay_evil_grid
Temple:   dshaligram_water_room_temple

Skill      XL: |  1  2  3  4  5  6  7  8  9 |
---------------+----------------------------+-----
Fighting       | 1 2 3 4 5 6 |  6.1
Earth Magic    | 4 5 6 7 |  7.8
Maces & Flails | 1 2 3 4 5 |  5.5
Armour         | 1 2 3 4 5 |  5.7
Spellcasting   | 3 4 5 |  5.5
Conjurations   | 3 5 |  5.6
Dodging        | |  1.5
Stealth        | |  2.1
Transmutations | |  0.7

Action                   |  1- 3 |  4- 6 |  7- 9 | 10-12 || total
-------------------------+-------+-------+-------+-------++-------
Melee: Club              |    20 |       |       |       ||    20
       Unarmed           |     2 |       |       |       ||     2
       Mace              |    15 |   107 |       |       ||   122
       Flail             |       |    14 |   262 |       ||   276
       Morningstar       |       |       |   103 |     1 ||   104
 Cast: Sandblast         |    28 |    60 |    95 |       ||   183
       Stone Arrow       |       |       |     1 |       ||     1
  Use: Scroll            |       |       |    13 |       ||    13
       Potion            |       |       |     2 |       ||     2
 Stab: Sleeping          |       |     2 |     2 |       ||     4
  Eat: Chunk             |     3 |     8 |    11 |       ||    22
       Ration            |       |       |     1 |       ||     1
Armor: Robe              |    16 |       |       |       ||    16
       Leather armour    |     5 |    65 |   279 |     6 ||   355
Dodge: Dodged            |    29 |    80 |   226 |     7 ||   342

Table legend:
 A = Non-vault XP
 B = Vault XP
 C = Vault XP percentage of total XP
 D = Non-vault monster count
 E = Vault monster count
 F = Vault count percentage of total count
                 A         B        C        D         E       F
            +---------+---------+-------+---------+---------+-------
      Total |    3633 |    1071 |  22.8 |     153 |       5 |   3.2
            +---------+---------+-------+---------+---------+-------
        D:1 |      25 |       0 |   0.0 |      14 |       0 |   0.0
        D:2 |      91 |       0 |   0.0 |      14 |       0 |   0.0
        D:3 |     244 |       0 |   0.0 |      29 |       0 |   0.0
        D:4 |     591 |       0 |   0.0 |      24 |       0 |   0.0
        D:5 |     594 |     198 |  25.0 |      27 |       2 |   6.9
        D:6 |     782 |     439 |  36.0 |      26 |       2 |   7.1
        D:7 |     558 |     434 |  43.8 |      13 |       1 |   7.1
        D:8 |      16 |       0 |   0.0 |       1 |       0 |   0.0
       D:10 |     732 |       0 |   0.0 |       5 |       0 |   0.0
            +---------+---------+-------+---------+---------+-------
